AoeStats
← yomatyas94

Arabia

510339829Analyzed
2v2 RM · 2d ago on Sep 30, 2026· 48m 2s· 4 players
Game mode
Random Map
Map size
Medium (4 player)
Population
200
Speed
Normal
Resources
Standard
Victory
Conquest
Starting age
Dark Age
Ending age
Imperial Age
RankedLock teamsTeams togetherTeam positionsShared explorationLock speedFull tech treeHidden civsTurbo modeCheats
Victory
Defeat
🇪🇸 Chinese · Spain
921
+11
🇪🇸 Teutons · Spain
746
+17
🇦🇷 Franks · Argentina
791
-14
🇦🇷 Bengalis · Argentina
791
-14
ALVAROSIE
0:27 Loom
9:54 Feudal Age
12:44 Double-Bit Axe
15:40 Horse Collar
16:31 Fletching
16:42 Padded Archer Armor
24:04 Castle Age
23:42 Gold Mining
24:32 Crossbowman
25:13 Bodkin Arrow
25:33 Leather Archer Armor
25:34 Bow Saw
25:50 Heavy Plow
28:15 Ballistics
30:59 Stone Mining
31:44 Gold Shaft Mining
32:53 Thumb Ring
36:43 Wheelbarrow
42:25 Imperial Age
46:01 Conscription
46:48 Chemistry
45:43 Guard Tower
45:33 Arbalester
maik mcmyson
11:20 Feudal Age
11:48 Double-Bit Axe
13:09 Wheelbarrow
14:34 Horse Collar
30:56 Gold Mining
40:08 Castle Age
39:54 Scale Barding Armor
40:50 Stone Mining
43:03 Heavy Plow
43:17 Bow Saw
43:48 Stone Shaft Mining
44:19 Hand Cart
45:31 Chain Barding Armor
yomatyas94
10:07 Feudal Age
10:57 Double-Bit Axe
18:41 Wheelbarrow
20:08 Gold Mining
23:49 Castle Age
23:25 Stone Mining
25:29 Bow Saw
26:02 Hand Cart
37:32 Elite Skirmisher
41:37 Imperial Age
41:52 Imperial Age
42:33 Scale Barding Armor
42:38 Forging
43:06 Cavalier
Pipeiro
10:32 Feudal Age
12:17 Double-Bit Axe
23:52 Castle Age
29:53 Fletching
30:03 Padded Archer Armor
32:32 Forging
32:42 Husbandry
33:03 Bloodlines
32:14 Light Cavalry
36:50 Scale Mail Armor
Connection lost

Rejoining the realm…

Still unreachable

The connection could not be restored.

Session expired

The server has moved on; the page needs a fresh start.